 Dungeon Crawl Stone Soup version 0.29.1-2-gbd0b4ee654 (webtiles) character file.

Game seed: 5341999021913269548

2938 Linkola the Thaumaturge (level 9, -1/45 HPs)
             Began as a Deep Elf Air Elementalist on Nov 20, 2022.
             Was a Priest of Vehumet.
             Slain by a sixfirhy (7 damage)
             ... on level 7 of the Dungeon on Nov 25, 2022.
             The game lasted 00:42:23 (9360 turns).

Linkola the Thaumaturge (Deep Elf Air Elementalist) Turns: 9360, Time: 00:42:23

Health: -1/45      AC:  8    Str: 10    XL:     9   Next: 51%
Magic:  30/33      EV: 12    Int: 25    God:    Vehumet [***...]
Gold:   327        SH:  0    Dex: 15    Spells: 12/27 levels left

rFire   . . .      SeeInvis .   c - +7 scythe (freeze)
rCold   + . .      Faith    .   (shield currently unavailable)
rNeg    + . .      Spirit   .   q - +1 leather armour "Nuykili" {rC+ MP+9 Str+5}
rPois   .          Reflect  .   (no helmet)
rElec   .          Harm     .   (no cloak)
rCorr   .          Rampage  .   (no gloves)
Will    .....                   (no boots)
Stlth   ++........              (no amulet)
HPRegen 0.15/turn               g - +4 ring of protection
MPRegen 0.23/turn               p - ring of positive energy

@: swift, quick
A: no striking features
a: Renounce Religion


You were on level 7 of the Dungeon.
You worshipped Vehumet.
Vehumet was most pleased with you.
You visited 1 branch of the dungeon, and saw 7 of its levels.
You also visited: Ossuary.

You collected 327 gold pieces.

Inventory:

Hand Weapons
 c - a +7 scythe of freezing (weapon)
Armour
 q - the +1 leather armour "Nuykili" (worn) {rC+ MP+9 Str+5}
   (You found it on level 6 of the Dungeon)

   Str:       It affects your strength (+5).
   rC:        It protects you from cold.
   MP:        It affects your magic capacity (+9).
Jewellery
 a - an amulet of regeneration
 g - a +4 ring of protection (left hand)
 p - a ring of positive energy (right hand)
 t - a ring of protection from cold
Wands
 h - a wand of flame (18)
 j - a wand of iceblast (19)
Scrolls
 e - 4 scrolls of blinking
 i - 8 scrolls of teleportation
 l - a scroll of fear
 o - 3 scrolls of amnesia
Potions
 b - 6 potions of magic
 d - 3 potions of heal wounds
 f - 7 potions of curing
 k - 2 potions of resistance
 n - a potion of flight {unknown}


   Skills:
 + Level 3.3 Dodging
 + Level 4.0 Stealth
 + Level 9.9 Spellcasting
 + Level 6.6 Conjurations
 + Level 7.7 Air Magic
 * Level 5.5 Poison Magic


You had 12 spell levels left.
You knew the following spells:

 Your Spells              Type           Power      Damage    Failure   Level
a - Shock                 Conj/Air       100%       1d9       1%          1
b - Static Discharge      Conj/Air       48%        3-9/arc   1%          2
c - Swiftness             Air            50%        N/A       1%          3
d - Airstrike             Air            25%        2d(4-20)  1%          4
e - Poisonous Vapours     Pois/Air       90%        N/A       1%          2
f - Mephitic Cloud        Conj/Pois/Air  45%        N/A       1%          3

Your spell library contained the following spells:

 Spells                   Type           Power      Damage    Failure   Level
 Foxfire                  Conj/Fire      100%       2x1d9     1%          1
 Conjure Flame            Conj/Fire      28%        6-21      1%          3
 Scorch                   Fire           24%        2d6       3%          2
 Flame Wave               Conj/Fire      28%        2d9       4%          4
 Inner Flame              Hex/Fire       12%        N/A       5%          3
 Slow                     Hex            48%        N/A       7%          1
 Blink                    Tloc           24%        N/A       11%         2
 Corpse Rot               Necr/Pois/Air  34%        N/A       11%         4
 Confusing Touch          Hex            12%        N/A       21%         3
 Lesser Beckoning         Tloc           12%        N/A       21%         3
 Summon Guardian Golem    Hex/Summ       12%        N/A       21%         3
 Vampiric Draining        Necr           12%        2d6       21%         3
 Orb of Destruction       Conj           22%        9d8       65%         7
 Manifold Assault         Tloc           12%        N/A       88%         5
 Spellforged Servitor     Conj/Summ      14%        N/A       96%         7
 Summon Cactus Giant      Summ           6%         N/A       100%        6


Dungeon Overview and Level Annotations

Branches:
Dungeon (7/15)             Temple (0/1) D:7         Ossuary (visited)

Altars:
Makhleb
Sif Muna
Vehumet
Zin

Shops:
D:3 *


Message History

You feel your power returning.
The orc is struck by an arc of lightning!
You kill the orc!
Vehumet accepts your kill.
You feel your power returning.
You are struck by an arc of lightning.
Casting: Static Discharge (safe; 1% risk of failure)
Confirm with . or Enter, or press ? or * to list all spells.
Aiming: Airstrike (dangerous; 1% risk of failure)
Press: ? - help, Dir - move target, f - orc
Aim: an orc, wielding a +0 club and wearing a +0 leather armour (empty space bonus: 8/8)
The air twists around and strikes the orc!!
You kill the orc!
Vehumet accepts your kill.
You feel your power returning.
Found a burning altar of Makhleb.
You now have 305 gold pieces (gained 10).
You now have 327 gold pieces (gained 22).
Things that are here:
a +0 mace; an orc skeleton
There is a stone staircase leading down here.
Found a spear.
You see here a +0 spear.
f - 7 potions of curing (gained 1) Done exploring.
Aiming: Shock (safe; 1% risk of failure)
Press: ? - help, Q - select action, (/) - cycle Shift-Dir - straight line
Casting: Shock (safe; 1% risk of failure)
Confirm with . or Enter, or press ? or * to list all spells.
Okay, then.
Casting: Shock (safe; 1% risk of failure)
Confirm with . or Enter, or press ? or * to list all spells.
You feel quick. As you open the door, it creaks loudly! The sixfirhy hits you!
The sixfirhy shocks you! The sixfirhy hits you! The sixfirhy shocks you!
* * * LOW HITPOINT WARNING * * *
The sixfirhy attacks as you move away!
The sixfirhy hits you but does no damage. x2
The sixfirhy misses you. The sixfirhy hits you!
You die...

### #.# ###.## ##.# ###
###....######..# ##.?
###........#...>.## ##...
#.................###....
##...............#..#.....
#.........).))..#.........
##....###..........##......
#.....#_'3@.......###......
##.....###........##
#...... #.................#
#...... #.................#
#...... #.............#..##
##..... #............###.#
#..... ##..........## #.#
#..... #........### #.#
##.... ##......## #.# #....


You could see a sixfirhy.

Vanquished Creatures
  The ghost of Voland the Ducker, a novice MfTm (D:4)
  Sigmund (D:4)
  2 steam dragons (D:6)
  2 water moccasins
  An orc warrior (D:5)
  2 ice beasts
  A sky beast (D:6)
  A black bear (D:4)
  2 centaurs
  4 phantoms
  A bullfrog (D:7)
  A necrophage (D:6)
  2 scorpions
  A howler monkey (D:5)
  A centaur zombie (Ossuary)
  4 hounds
  4 jellies (D:6)
  An orc priest (D:7)
  Jessica (D:2)
  2 iguanas
  4 orc wizards
  A bullfrog simulacrum (D:4)
  A scorpion simulacrum (D:4)
  2 mummies (Ossuary)
  12 adders
  A hound simulacrum (D:4)
  3 shadow imps
  2 white imps
  An ufetubus (D:5)
  An adder zombie (Ossuary)
  2 dart slugs
  2 worms
  2 adder simulacra (D:4)
  18 orcs
  7 ball pythons
  4 bats
  8 endoplasms
  6 giant cockroaches
  7 hobgoblins
  4 kobolds
  6 quokkas
  6 frilled lizards
  5 goblins
  A goblin zombie (Ossuary)
  11 hobgoblin zombies (Ossuary)
  2 jackal zombies (Ossuary)
  11 kobold zombies (Ossuary)
  9 orc zombies (Ossuary)
  9 rats
  A rat zombie (Ossuary)
184 creatures vanquished.

Vanquished Creatures (others)
  3 plants
3 creatures vanquished.

Grand Total: 187 creatures vanquished

Notes
Turn   | Place    | Note
-------+----------+-------------------------------------------
     0 | D:1      | Linkola the Deep Elf Air Elementalist began the quest for
                  | the Orb.
     0 | D:1      | Reached XP level 1. HP: 10/10 MP: 6/6
   318 | D:1      | Reached XP level 2. HP: 15/15 MP: 4/8
   321 | D:1      | Learned a level 2 spell: Static Discharge
  1315 | D:1      | Reached XP level 3. HP: 19/19 MP: 6/9
  1319 | D:1      | Learned a level 3 spell: Swiftness
  1439 | D:2      | Found a faded altar of an unknown god.
  1594 | D:2      | Noticed Jessica
  1602 | D:2      | Killed Jessica
  1728 | D:2      | Reached XP level 4. HP: 24/24 MP: 9/11
  1733 | D:2      | Learned a level 4 spell: Airstrike
  2193 | D:2      | Reached skill level 4 in Spellcasting
  2607 | D:3      | Found a radiant altar of Vehumet.
  2623 | D:3      | Became a worshipper of Vehumet
  2951 | D:3      | Found Gihi's Assorted Antiques.
  2979 | D:3      | Noticed a phantom
  2986 | D:3      | Killed a phantom
  2987 | D:3      | Reached skill level 1 in Poison Magic
  2987 | D:3      | Reached XP level 5. HP: 25/28 MP: 4/13
  2990 | D:3      | Learned a level 2 spell: Poisonous Vapours
  3600 | D:4      | Noticed an ice beast
  3612 | D:4      | Killed an ice beast
  3613 | D:4      | Reached skill level 5 in Spellcasting
  3613 | D:4      | Reached XP level 6. HP: 9/32 MP: 6/15
  3954 | D:4      | Found a sand-covered staircase.
  3959 | Ossuary  | Entered an ossuary
  4220 | Ossuary  | Reached * piety under Vehumet
  4220 | Ossuary  | Offered knowledge of Magic Dart by Vehumet.
  4331 | Ossuary  | Reached skill level 5 in Air Magic
  4657 | D:4      | Reached XP level 7. HP: 36/36 MP: 11/17
  4845 | D:4      | Reached ** piety under Vehumet
  4846 | D:4      | Reached skill level 6 in Spellcasting
  4900 | D:4      | Found a runed translucent gate.
  4900 | D:4      | Found a runed translucent gate.
  4900 | D:4      | Found a runed translucent gate.
  5124 | D:4      | Offered knowledge of Freeze by Vehumet.
  5289 | D:4      | Noticed Voland's ghost (novice MfTm)
  5446 | D:4      | Noticed Sigmund
  5460 | D:4      | Killed Sigmund
  5461 | D:4      | Reached XP level 8. HP: 17/41 MP: 11/20
  6133 | D:4      | Reached skill level 7 in Spellcasting
  6191 | D:4      | Killed Voland's ghost
  6454 | D:5      | Entered Level 5 of the Dungeon
  6527 | D:5      | Offered knowledge of Mephitic Cloud by Vehumet.
  6528 | D:5      | Reached skill level 5 in Conjurations
  6532 | D:5      | Learned a level 3 spell: Mephitic Cloud
  6634 | D:5      | Reached skill level 8 in Spellcasting
  6817 | D:5      | Found a glowing silver altar of Zin.
  6906 | D:5      | Found a shimmering blue altar of Sif Muna.
  7413 | D:6      | Reached XP level 9. HP: 45/45 MP: 11/23
  7591 | D:6      | Identified the +1 leather armour "Nuykili" {rC+ MP+9 Str+5}
  7752 | D:6      | Reached *** piety under Vehumet
  7753 | D:6      | Reached skill level 9 in Spellcasting
  7765 | D:6      | Reached skill level 5 in Poison Magic
  8270 | D:7      | Found a staircase to the Ecumenical Temple.
  8914 | D:7      | Found a runed translucent door.
  9010 | D:7      | Found a burning altar of Makhleb.
  9010 | D:7      | Noticed a sixfirhy
  9360 | D:7      | Slain by a sixfirhy

Illustrated notes

Levels and vault maps discovered:
D:1:      sevenhm_arrival_forest_fort_large_4, layout_basic, minmay_tetromino_s2
D:2:      layout_rooms, serial_curves, eino_curves_01, eino_curves_02,
          shapermc_ecumenical_altar_gd, uniq_jessica
D:3:      layout_basic, overflow_temple_1_default, serial_shops,
          nicolae_shop_overgrown_old_shop
D:4:      layout_loops_corners, nicolae_ossuary_entry_plus,
          gup_sewer_entry_bubbles, gammafunk_ghost_icy, uniq_sigmund
D:5:      layout_rooms, general_overflow_altar, nicolae_sif_muna_condensation,
          minmay_holes
D:6:      layout_cave_pods
D:7:      layout_cave_pods, nzn_makhleb_speed_demon, minmay_temple_entry_mist

Skill      XL: |  1  2  3  4  5  6  7  8  9 |
---------------+----------------------------+-----
Stealth        | 3 4 |  4.0
Conjurations   | 2 3 4 5 6 |  6.6
Air Magic      | 4 5 7 |  7.7
Spellcasting   | 4 5 6 8 9 |  9.9
Poison Magic   | 1 2 3 4 5 |  5.5
Dodging        | 3 |  3.3

Action                   |  1- 3 |  4- 6 |  7- 9 || total
-------------------------+-------+-------+-------++-------
Melee: Short sword       |    11 |     6 |       ||    17
       Punch             |       |     1 |       ||     1
 Cast: Shock             |    74 |   113 |   181 ||   368
       Static Discharge  |     1 |    22 |    22 ||    45
       Poisonous Vapours |       |     2 |    13 ||    15
       Airstrike         |       |       |    17 ||    17
       Mephitic Cloud    |       |       |     5 ||     5
       Swiftness         |       |       |     1 ||     1
  Use: Scroll            |     6 |     5 |     9 ||    20
 Stab: Sleeping          |       |     1 |       ||     1
Armor: Robe              |     8 |    12 |     4 ||    24
       Leather armour    |       |       |     8 ||     8
Dodge: Dodged            |    19 |    14 |    17 ||    50
